 Dungeon Crawl Stone Soup version 0.17-a0-2215-g49c1de0 (webtiles) character file.

3399 kosy22 the Ducker (level 9, -7/88 HPs)
             Began as a Troll Fighter on Oct 27, 2015.
             Mangled by a yak (17 damage)
             ... on level 8 of the Dungeon.
             The game lasted 00:19:26 (6932 turns).

kosy22 the Ducker (Troll Fighter)                   Turns: 6932, Time: 00:19:26

Health: -7/88      AC:  5    Str: 33    XL:     9   Next: 75%
Magic:  8/8        EV: 17    Int:  4    God:
Gold:   328        SH: 11    Dex: 14    Spells: 0 memorised, 8 levels left

rFire  . . .     SeeInvis .     D - +10 long sword of Overwhelming Force {slice, MR+}
rCold  . . .     Clarity  .     a - +0 robe
rNeg   . . .     SustAt   +     b - +0 shield
rPois  .         Gourm    +     (helmet restricted)
rElec  .         Spirit   .     (no cloak)
rCorr  .         Warding  .     (gloves unavailable)
rMut   .         Stasis   .     (boots unavailable)
MR     +....                    (no amulet)
Stlth  +++.......               C - +4 ring of strength
                                q - ring of sustain attributes

@: agile, somewhat resistant to hostile enchantments, fairly stealthy
A: unfitting armour, claws 3, fast metabolism 3, gourmand, regeneration 2,
shaggy fur 1, tough skin 2
a: no special abilities


You were on level 8 of the Dungeon.
You were very full.

You visited 1 branch of the dungeon, and saw 8 of its levels.

You collected 652 gold pieces.
You spent 324 gold pieces at shops.

Inventory:

Hand Weapons
 x - a +0 blowgun
 D - the +10 long sword of Overwhelming Force (weapon) {slice, MR+}
   (You found it on level 7 of the Dungeon)

   It inflicts extra damage upon your enemies.
   It affects your resistance to hostile enchantments.
Missiles
 g - 64 poisoned needles
Armour
 a - a +0 robe (worn)
 b - a +0 shield (worn)
Jewellery
 q - a ring of sustain attributes (left claw)
 C - a +4 ring of strength (right claw)
Wands
 t - a wand of lightning (4)
 u - a wand of paralysis (14)
 v - a wand of invisibility (4)
 w - a wand of frost (26)
 y - a wand of lightning (6)
 z - a wand of paralysis (11)
Scrolls
 e - a scroll of amnesia
 h - 3 scrolls of magic mapping
 m - 2 scrolls of identify
 n - 2 scrolls of remove curse
 p - a scroll of fear {unknown}
 A - a scroll of enchant armour {unknown}
 B - a scroll of enchant weapon {unknown}
Potions
 c - a potion of might
 f - 2 potions of curing
 j - 2 potions of agility
 k - a potion of haste
 l - a potion of flight
 s - a potion of mutation {unknown}
Comestibles
 i - a meat ration


   Skills:
 + Level 5.2 Fighting
 + Level 1.4 Long Blades
 + Level 2.2 Throwing
 + Level 7.4 Dodging
 + Level 1.2 Stealth
 + Level 5.7 Shields
 + Level 6.2 Unarmed Combat


You had 8 spell levels left.
You didn't know any spells.

Dungeon Overview and Level Annotations

Branches:
Dungeon (8/15)             Temple (0/1) D:6
   Lair: D:8-11

Altars:
Fedhas

Shops:
D:5 %   D:7 =   D:8 :


Innate Abilities, Weirdness & Mutations

You are too large for most types of armour.
You have claws for hands.
Your metabolism is lightning-fast.
You like to eat raw meat.
You heal very quickly.
You are covered in fur (AC +1).
You have very tough skin (AC +2).


Message History

The yak gores you!
* * * LOW HITPOINT WARNING * * *
The yak misses you.
You hit the yak.
The yak is lightly wounded.
You block the yak's attack.
You closely miss the yak.
The yak is lightly wounded.
You block the yak's attack.
Your shield prevents you from hitting the yak.
The yak is lightly wounded.
You block the yak's attack. The yak gores you!
* * * LOW HITPOINT WARNING * * *
Unknown command.
Drink which item? (? for menu, Esc to quit)
You feel better. You block the yak's attack.
You slice the yak!!
The yak is almost dead.
The yak gores you!
You die...

.###...#........##(.....#
.# #...#.....#####......#
.# #.#.###.##.....(.....#
.# #.#..##<##.#########.#
.###.#..##....†..# #.#
..##.#..##.....#.#### #†#
<....#..##.....†....###.##
######.l.#.....PYP†P..#..#
.#.#......@P.....#.#
#..PP.....P..$#.#
....P...P...P....#
##.P....##+#..P...#
.....P..# #...P..#
........# #..P..## ...P..
#...P.# ..... P......#
.P.P..#


You could see a yak.

Vanquished Creatures
  Pikel (D:6)
  2 yaks (D:8)
  A wyvern (D:8)
  Eustachio (D:6)
  A hippogriff (D:7)
  An orc warrior (D:8)
  2 phantoms
  2 ice beasts
  A black bear (D:7)
  4 centaurs
  2 big kobolds
  2 giant frogs (D:8)
  A scorpion (D:7)
  3 killer bees (D:7)
  A crimson imp (D:6)
  A centaur zombie (D:7)
  2 jellies
  3 giant frog skeletons
  An orc priest (D:5)
  Ijyb (D:2)
  3 hounds
  5 orc wizards
  5 worker ants
  An iguana (D:8)
  A gnoll (D:1)
  10 adders
  4 shadow imps
  2 oozes
  An adder skeleton (D:4)
  2 worms
  7 giant geckos
  21 orcs
  15 bats
  7 hobgoblins
  4 jackals (D:2)
  A quokka (D:5)
  4 ball pythons
  A ball python zombie (D:6)
  3 giant cockroaches
  3 giant newts
  7 goblins
  A jackal skeleton (D:4)
  21 kobolds
  A quokka zombie (D:5)
  13 rats
  A fungus (D:8)
177 creatures vanquished.

Vanquished Creatures (others)
  2 slaves (D:6)
  An orc (D:6)
  18 fungi (D:8)
  3 plants (D:8)
24 creatures vanquished.

Grand Total: 201 creatures vanquished

Notes
Turn   | Place    | Note
--------------------------------------------------------------
     0 | D:1      | kosy22 the Troll Fighter began the quest for the Orb.
     0 | D:1      | Reached XP level 1. HP: 22/22 MP: 0/0
   208 | D:1      | Reached XP level 2. HP: 29/29 MP: 1/1
   626 | D:1      | Reached XP level 3. HP: 36/36 MP: 2/2
   756 | D:2      | Noticed Ijyb
   769 | D:2      | Killed Ijyb
   769 | D:2      | Reached skill level 3 in Dodging
   878 | D:2      | Reached XP level 4. HP: 40/44 MP: 3/3
  1737 | D:3      | Reached XP level 5. HP: 44/53 MP: 4/4
  2812 | D:4      | Reached XP level 6. HP: 61/61 MP: 5/5
  3212 | D:4      | Reached skill level 4 in Dodging
  3687 | D:5      | Entered Level 5 of the Dungeon
  3741 | D:5      | Reached XP level 7. HP: 23/68 MP: 6/6
  3837 | D:5      | Found Itubb's Food Emporium.
  4106 | D:5      | Reached skill level 5 in Dodging
  4451 | D:6      | Noticed Eustachio
  4461 | D:6      | Killed Eustachio
  4461 | D:6      | Reached XP level 8. HP: 67/79 MP: 7/7
  4498 | D:6      | Reached skill level 5 in Unarmed Combat
  4729 | D:6      | Noticed Pikel
  4744 | D:6      | Killed Pikel
  4744 | D:6      | Reached skill level 1 in Throwing
  4744 | D:6      | Reached skill level 6 in Dodging
  4944 | D:6      | Got a slimy falchion {freeze}
  5011 | D:6      | Found a staircase to the Ecumenical Temple.
  5235 | D:7      | Reached XP level 9. HP: 75/87 MP: 8/8
  5352 | D:7      | Found a blossoming altar of Fedhas.
  5471 | D:7      | Reached skill level 1 in Stealth
  5484 | D:7      | Found Extorr's Jewellery Shop.
  5495 | D:7      | Bought a +4 ring of strength for 324 gold pieces
  5756 | D:7      | Got a steaming long sword
  5757 | D:7      | Identified the +10 long sword of Overwhelming Force {slice, MR+} (You found it on level 7 of the Dungeon)
  5986 | D:7      | Reached skill level 5 in Fighting
  6299 | D:8      | Reached skill level 5 in Shields
  6480 | D:8      | Reached skill level 1 in Long Blades
  6614 | D:8      | Reached skill level 7 in Dodging
  6655 | D:8      | Found Kiemuxup's Book Shoppe.
  6930 | D:8      | HP: 4/88 [yak (15)]
  6932 | D:8      | Mangled by a yak

Vault maps used:
D:1:      minmay_arrival_shattered_statue, amethyst_killhole
D:2:      first_bread, uniq_iyjb
D:3:      grunt_decor_clamped
D:5:      serial_shops, shop_coins
D:6:      temple_green, uniq_eustachio, uniq_pikel
D:7:      lemuel_doored_altar, serial_shops, shop
D:8:      grunt_lair_entry_elf_guard_hut, serial_shops, shop

Action                   |  1- 3 |  4- 6 |  7- 9 || total
-------------------------+-------+-------+-------++-------
Melee: Unarmed           |    74 |   254 |   150 ||   478
       Long sword        |       |       |   112 ||   112
 Fire: Blowgun           |       |       |    22 ||    22
  Use: Scroll            |       |     3 |     8 ||    11
       Potion            |       |     5 |     4 ||     9
 Stab: Sleeping          |       |       |     1 ||     1
  Eat: Bread ration      |     1 |     2 |     3 ||     6
       Chunk             |     6 |    14 |    14 ||    34
       Meat ration       |       |       |     1 ||     1
       Beef jerky        |       |       |     2 ||     2
       Pizza             |       |       |     1 ||     1
